 Dungeon Crawl Stone Soup version 0.27-a0-1147-gb3d8e82157 (webtiles) character file.

Game seed: 1007007156839743313

79 Lanoc the Chopper (level 4, 0/34 HPs)
             Began as a Demonspawn Gladiator on May 11, 2021.
             Succumbed to an adder's poison
             ... on level 2 of the Dungeon.
             The game lasted 00:02:24 (2241 turns).

Lanoc the Chopper (Demonspawn Gladiator)            Turns: 2241, Time: 00:02:25

Health: 0/34       AC:  5    Str: 14    XL:     4   Next: 17%
Magic:  4/4        EV: 13    Int: 10    God:
Gold:   18         SH:  0    Dex: 17    Spells: 3/3 levels left

rFire    . . .     SeeInvis .   a - +0 war axe
rCold    . . .     Faith    .   (no shield)
rNeg     . . .     Spirit   .   b - +0 leather armour
rPois    .         Reflect  .   c - +0 helmet
rElec    .         Harm     .   (no cloak)
rCorr    .         Rampage  .   (no gloves)
Will     .....                  i - +0 pair of boots
Stlth    ++........             (no amulet)
HPRegen  0.11/turn              (no ring)
MPRegen  0.09/turn              (no ring)

@: lethally poisoned (0 -> -9)
A: thin skeletal structure 1, powered by death 1
a: no special abilities


You were on level 2 of the Dungeon.
You visited 1 branch of the dungeon, and saw 2 of its levels.

You collected 18 gold pieces.

Inventory:

Hand Weapons
 a - a +0 war axe (weapon)
Armour
 b - a +0 leather armour (worn)
 c - a +0 helmet (worn)
 i - a +0 pair of boots (worn)
Scrolls
 d - a scroll of enchant weapon {unknown}
 e - 2 scrolls of identify {unknown}
 f - 2 scrolls of immolation {unknown}
 g - a scroll of magic mapping {unknown}
 j - a scroll of torment {unknown}
 k - a scroll of teleportation {unknown}


   Skills:
 + Level 2.8 Fighting
 * Level 3.7 Axes
 - Level 1.7 Throwing
 + Level 3.2 Dodging


You had 3 spell levels left.
You didn't know any spells.
Your spell library was empty.

Dungeon Overview and Level Annotations

Branches:
Dungeon (2/15)

Altars:

Annotations:
D:2 Natasha


Innate Abilities, Weirdness & Mutations

You have a somewhat thin skeletal structure. (Dex +2, Stealth+)
You regenerate a little health from kills.


Message History

* * * LOW HITPOINT WARNING * * *
You are poisoned.
The adder poisons you!
The endoplasm jiggles.
It was a potion of curing.
You feel better. The adder misses you. The adder completely misses you.
The adder misses you. The adder bites you but does no damage.
You miss the adder.
The adder is severely wounded.
The adder bites you.
You are poisoned.
The adder poisons you!
You hit the adder.
The adder is almost dead.
You feel sick. The adder misses you. The adder barely misses you.
You closely miss the adder.
The adder is almost dead.
You feel sick. The adder barely misses you. The adder bites you.
You are more poisoned.
The adder poisons you!
You closely miss the adder.
The adder is almost dead.
You feel sick. The adder bites you.
* * * LOW HITPOINT WARNING * * *
You barely miss the adder.
The adder is almost dead.
* * * LOW HITPOINT WARNING * * *
You feel sick. The adder barely misses you. The adder bites you.
* * * LOW HITPOINT WARNING * * *
You are lethally poisoned!
The adder poisons you!
You miss the adder.
The adder is almost dead.
* * * LOW HITPOINT WARNING * * *
You feel very sick. The adder misses you. The adder closely misses you.
You slash the adder!
You kill the adder!
You die...

###..##.....######..#
........###[..# #..#
.....##.# ###.# ##..##
#.#..##.#####.###†...#####
............#...)..#.....##
#.#.#...###.....##....<...##
# ##..# ####..##...>....>#
#..######..##.........#
#.JSS.@$...##.........# #
##..J#####.###....^)...#
#.#..#.# #.# #..........
#....#.# ..# ##.........
....#.#.#.. #..........
.#...##S##.. #..........
...#.


JJ. ....#####.<........ .. . ........................ .
....#.###.#.#####.......... You could see an adder, 2 endoplasms and a ball
python.

Vanquished Creatures
  Natasha (D:2)
  2 adders (D:2)
  6 endoplasms
  4 goblins
  3 hobgoblins
  4 jackals (D:2)
  5 kobolds
  3 quokkas
  4 ball pythons (D:1)
  4 bats (D:1)
  4 frilled lizards (D:1)
  3 rats (D:1)
43 creatures vanquished.

Notes
Turn   | Place    | Note
-------+----------+-------------------------------------------
     0 | D:1      | Lanoc the Demonspawn Gladiator began the quest for the Orb.
     0 | D:1      | Reached XP level 1. HP: 16/16 MP: 1/1
   429 | D:1      | Gained mutation: You regenerate a little health from kills.
                  | [demonic ancestry]
   429 | D:1      | Reached XP level 2. HP: 18/22 MP: 2/2
  1203 | D:1      | Gained mutation: You have a somewhat thin skeletal
                  | structure. (Dex +2, Stealth+) [demonic ancestry]
  1203 | D:1      | Reached XP level 3. HP: 28/28 MP: 3/3
  1594 | D:2      | Noticed Natasha
  1605 | D:2      | Killed Natasha
  1614 | D:2      | Noticed Natasha
  2170 | D:2      | Reached XP level 4. HP: 34/34 MP: 4/4
  2240 | D:2      | HP: 1/34 [poisoned by an adder]
  2241 | D:2      | Succumbed to an adder's poison

Illustrated notes

Levels and vault maps discovered:
D:1:      erik_arrival_cave_to_civilisation [erik_arrival_cave_to_hall],
          layout_basic, minmay_bisected
D:2:      layout_rooms, minmay_surrounded, uniq_natasha

Skill      XL: |  1  2 |
---------------+-------+-----
Axes           | 3 |  3.7
Dodging        | 3 |  3.2
Fighting       | |  2.8
Throwing       | |  1.7

Action                   |  1- 3 |  4- 6 || total
-------------------------+-------+-------++-------
Melee: War axe           |    89 |    39 ||   128
Throw: Throwing net      |     4 |       ||     4
  Use: Potion            |       |     1 ||     1
 Stab: Sleeping          |     1 |       ||     1
Armor: Leather armour    |    29 |    14 ||    43
Dodge: Dodged            |    54 |    31 ||    85

Table legend: (Time is in decaauts)
 A = Elapsed time spent in this place.
 B = Non-inter-level travel time spent in this place.
 C = Inter-level travel time spent in this place.
 D = Time resting spent in this place.
 E = Time spent auto-exploring this place.
 F = Levels seen in this place.
 G = Mean time per level.
                   A        B        C        D        E       F      G
               +--------+--------+--------+--------+--------+-----+--------+
         Total |   2289 |   2210 |     79 |    311 |   1549 |   2 | 1144.5 |
       Dungeon |   2289 |   2210 |     79 |    311 |   1549 |   2 | 1144.5 |
               +--------+--------+--------+--------+--------+-----+--------+

Top non-repeatable levels by time:
     D:1: 1987 daAuts
     D:2: 302 daAuts
